 Dungeon Crawl Stone Soup version 0.32-a0-996-gb3226c233f (webtiles) character file.

Game seed: 3592786263822888347

21 Ijustatesigmund the Chopper (level 2, -3/27 HPs)
             Began as a Mountain Dwarf Monk on Apr 23, 2024.
             Slain by a gnoll
             ... wielding a +0 flail
              (11 damage)
             ... on level 1 of the Dungeon.
             The game lasted 00:01:21 (819 turns).

Ijustatesigmund the Chopper (Mountain Dwarf Monk)    Turns: 819, Time: 00:01:22

Health: -3/27      AC:  3    Str: 13    XL:     2   Next: 62%
Magic:  2/2        EV: 11    Int: 10    God:
Gold:   37         SH:  0    Dex: 12    Spells: 1/1 levels left

rFire   . . .        a - +0 hand axe
rCold   . . .        d - orb {light}
rNeg    . . .        b - +0 robe
rPois   .            (no helmet)
rElec   .            g - +0 cloak
rCorr   .            (no gloves)
SInv    .            (no boots)
Will    .....        (no amulet)
Stlth   +            (no ring)
HPRegen 0.24/turn    (no ring)
MPRegen 0.08/turn

%: no passive effects
@: glowing
A: runic magic, artefact enchanting
a: no special abilities


You were on level 1 of the Dungeon.
You visited 1 branch of the dungeon, and saw 2 of its levels.

You collected 37 gold pieces.

Inventory:

Hand Weapons
 a - a +0 hand axe (weapon)
Armour
 b - a +0 robe (worn)
 d - an orb of light (worn)
 g - a +0 cloak (worn)
Scrolls
 e - 2 scrolls of identify {unknown}
 h - a scroll of revelation {unknown}
 k - 2 scrolls of teleportation {unknown}
 l - a scroll of immolation {unknown}
Potions
 c - a potion of ambrosia
 f - a potion of curing {unknown}
 i - a potion of magic {unknown}
 j - a potion of attraction {unknown}


   Skills:
 + Level 3.7 Fighting
 + Level 4.0 Axes
 + Level 1.3 Armour
 - Level 2.1 Dodging


You had one spell level left.
You didn't know any spells.
Your spell library contained the following spells:

 Spells                   Type           Power      Damage    Failure   Level
 Summon Small Mammal      Summ           0%         N/A       36%         1
 Call Canine Familiar     Summ           0%         N/A       75%         3
 Summon Blazeheart Golem  Fire/Summ      0%         N/A       98%         4


Dungeon Overview and Level Annotations

Branches:
Dungeon (2/15)

Altars:


Innate Abilities, Weirdness & Mutations

Your spellcasting is much less encumbered by armour.
You can use scrolls of enchantment on lesser artefacts.


Message History

No target in view!
No target in view!
No target in view!
No target in view!
No target in view!
No target in view!
No target in view!
No target in view!
A gnoll and an endoplasm come into view.
Found a stone staircase leading down.
The endoplasm quivers.
There is a stone staircase leading up here.
You see here a bat corpse.
You climb upwards.
There is a stone staircase leading down here.
You completely miss the gnoll. The gnoll hits you with a +0 flail.
You hit the gnoll.
The gnoll is heavily wounded.
The gnoll hits you with a +0 flail!
You are too injured to fight recklessly!
You are too injured to fight recklessly!
You are too injured to fight recklessly!
You are too injured to fight recklessly!
You are too injured to fight recklessly!
You are too injured to fight recklessly!
You are too injured to fight recklessly!
You are too injured to fight recklessly!
You are too injured to fight recklessly!
You are too injured to fight recklessly!
You are too injured to fight recklessly!
You are too injured to fight recklessly!
You are too injured to fight recklessly!
You are too injured to fight recklessly!
You are too injured to fight recklessly!
You hit the gnoll.
The gnoll is severely wounded.
The gnoll hits you with a +0 flail.
* * * LOW HITPOINT WARNING * * *
The gnoll hits you with a +0 flail!
You die...

.....................##........#
#.######..#....................#
#.# #..#....................# #.#
#..#.#.#...........#.##.## #.#
##..#.#.#..................
#.#####...................#.##.##
............#.#..........##.##.##
#######....................÷.....
#.###.#.#g@.........÷......
#.###.#.#..##......##..##.#
#.....#....###.....##..##.#
####..#.#..#.......##..##.#
###........##.##..##..##.#
##......#...#.......#.....#
#>....#.....#.#.....#.....#
#...........÷..............
#..........................


You could see a gnoll.

Vanquished Creatures
  5 hobgoblins
  2 jackals (D:1)
  A kobold (D:1)
  A quokka (D:1)
  2 ball pythons
  4 bats
  A frilled lizard (D:1)
  2 rats (D:1)
18 creatures vanquished.

Notes
Turn   | Place    | Note
-------+----------+-------------------------------------------
     0 | D:1      | Ijustatesigmund the Mountain Dwarf Monk began the quest for
                  | the Orb.
     0 | D:1      | Reached XP level 1. HP: 19/19 MP: 1/1
   294 | D:1      | Reached XP level 2. HP: 20/26 MP: 2/2
   295 | D:1      | Reached skill level 1 in Armour
   395 | D:1      | Reached skill level 4 in Axes
   819 | D:1      | Slain by a gnoll

Illustrated notes

Levels and vault maps discovered:
D:1:      wheals_arrival_linesprint, layout_basic
D:2:      layout_rooms

Skill      XL: |  1  2 |
---------------+-------+-----
Armour         | 1 |  1.3
Axes           | 4 |  4.0
Fighting       | |  3.7
Dodging        | |  2.1

Action                     || total
---------------------------++-------
  Melee: Hand axe          ||    50
 Armour: Robe              ||    41
  Dodge: Dodged            ||    50

Table legend: (Time is in decaauts)
 A = Elapsed time spent in this place.
 B = Non-inter-level travel time spent in this place.
 C = Inter-level travel time spent in this place.
 D = Time resting spent in this place.
 E = Time spent auto-exploring this place.
 F = Levels seen in this place.
 G = Mean time per level.
                   A        B        C        D        E       F      G
               +--------+--------+--------+--------+--------+-----+--------+
         Total |    824 |    772 |     52 |      0 |    642 |   2 |  412.0 |
       Dungeon |    824 |    772 |     52 |      0 |    642 |   2 |  412.0 |
               +--------+--------+--------+--------+--------+-----+--------+

Top non-repeatable levels by time:
     D:1: 782 daAuts
     D:2: 42 daAuts
